AoeStats
← Worker

African Clearing

510621382Analyzed
2v2 RM · 18h ago on Oct 1, 2026· 48m 34s· 4 players
Game mode
Random Map
Map size
Medium (4 player)
Population
200
Speed
Normal
Resources
Standard
Victory
Conquest
Starting age
Dark Age
Ending age
Imperial Age
RankedLock teamsTeams togetherTeam positionsShared explorationLock speedFull tech treeHidden civsTurbo modeCheats
Victory
Defeat
🇦🇷 Huns · Argentina
1232
+15
🇦🇷 Malay · Argentina
1224
+15
🇺🇸 Romans · United States
1205
-15
🇺🇸 Magyars · United States
1205
-15
Carmilla
12:35 Feudal Age
12:41 Man-at-Arms
19:15 Scale Mail Armor
22:18 Castle Age
20:29 Double-Bit Axe
22:57 Forging
22:41 Fletching
22:50 Long Swordsman
23:45 Bow Saw
23:26 Gold Mining
24:47 Wheelbarrow
23:40 Elite Skirmisher
24:47 Squires
25:42 Bodkin Arrow
26:07 Padded Archer Armor
26:12 Horse Collar
28:42 Ballistics
30:13 Chain Mail Armor
31:49 Loom
36:24 Wheelbarrow
38:05 Heavy Plow
40:52 Hand Cart
41:26 Stone Mining
42:33 Forging
46:53 Imperial Age
44:09 Town Watch
45:44 Iron Casting
45:29 Leather Archer Armor
45:57 Gold Shaft Mining
46:42 Pikeman
48:01 Iron Casting
48:43 Chemistry
Worker
13:34 Feudal Age
11:52 Loom
16:07 Scale Barding Armor
22:59 Castle Age
22:45 Bloodlines
23:46 Horse Collar
28:26 Double-Bit Axe
30:52 Husbandry
30:12 Light Cavalry
30:18 Light Cavalry
34:39 Bow Saw
37:46 Chain Barding Armor
40:32 Wheelbarrow
39:43 Town Watch
46:58 Imperial Age
47:03 Man-at-Arms
47:06 Pikeman
MABA
6:37 Loom
14:54 Feudal Age
18:50 Castle Age
25:45 Double-Bit Axe
29:49 Husbandry
30:14 Forging
30:37 Scale Barding Armor
35:28 Horse Collar
37:34 Wheelbarrow
36:46 Town Watch
38:16 Iron Casting
38:39 Hand Cart
43:42 Imperial Age
43:05 Bow Saw
44:09 Blast Furnace
43:33 Conscription
42:58 Man-at-Arms
43:39 Squires
43:26 Arson
44:00 Heavy Plow
44:24 Elite Battle Elephant
46:08 Town Patrol
LuluX
10:56 Loom
12:46 Feudal Age
16:45 Castle Age
15:06 Double-Bit Axe
15:49 Loom
17:42 Fletching
18:02 Forging
18:39 Gold Mining
19:11 Forging
23:04 Horse Collar
24:56 Padded Archer Armor
30:30 Leather Archer Armor
30:10 Bodkin Arrow
31:38 Leather Archer Armor
32:53 Ballistics
33:31 Bow Saw
33:31 Heavy Plow
36:52 Gold Shaft Mining
42:15 Imperial Age
40:25 Wheelbarrow
39:36 Town Watch
39:57 Stone Mining
43:46 Bracer
43:07 Heavy Cavalry Archer
44:13 Parthian Tactics
45:05 Two-Man Saw
45:48 Chemistry
45:56 Conscription
48:46 Scale Barding Armor
Connection lost

Rejoining the realm…

Still unreachable

The connection could not be restored.

Session expired

The server has moved on; the page needs a fresh start.